 Dungeon Crawl Stone Soup version 0.23-a0-565-g3e74e4c (webtiles) character file.

2576 Leeroy the Magician (level 9, 0/105 HPs)
             Began as a Gnoll Skald on Dec 11, 2018.
             Was a Follower of Wu Jian.
             Slain by a killer bee (3 damage)
             ... on level 9 of the Dungeon on Dec 13, 2018.
             The game lasted 00:43:51 (8197 turns).

Leeroy the Magician (Gnoll Skald)                   Turns: 8197, Time: 00:43:52

Health: 0/105      AC: 24    Str: 17    XL:     9   Next: 57%
Magic:  14/19      EV:  2    Int: 17    God:    Wu Jian [*.....]
Gold:   658        SH:  0    Dex: 15    Spells: 10/21 levels left

rFire    . . .     SeeInvis .   F - +0 long sword
rCold    . . .     Gourm    .   (no shield)
rNeg     + + +     Faith    .   (armour currently unavailable)
rPois    +         Spirit   .   (helmet currently unavailable)
rElec    .         Reflect  .   (cloak currently unavailable)
rCorr    .         Harm     .   (gloves currently unavailable)
MR       .....     NoTele   +   (boots currently unavailable)
Stlth    ++++......             (no amulet)
HPRegen  1.27/turn              A - ring "Ryneid" {Str+2 Stlth+}
MPRegen  0.16/turn              (no ring)

@: lethally poisoned (0 -> -1), tree-form, regenerating (expiring)
A: distributed training, strong nose
a: Renounce Religion


You were on level 9 of the Dungeon.
You worshipped Wu Jian.
Wu Jian was aware of your devotion.
You were hungry.
You were a tree.
You visited 2 branches of the dungeon, and saw 11 of its levels.
You also visited: Ossuary.

You collected 658 gold pieces.

Inventory:

Hand Weapons
 a - a +0 falchion
 p - a +0 short sword of venom
 v - a +0 spear
 z - a +0 blowgun
 F - a +0 long sword (weapon)
 G - a +0 hunting sling
 H - a +0 arbalest
 I - a +0 rapier
 J - a +0 flail
 K - a cursed -1 morningstar
 W - a +0 halberd
Missiles
 e - 270 stones (quivered)
 k - 33 bolts
 l - 47 arrows
 N - 13 tomahawks
 S - 2 throwing nets
 T - 4 poisoned javelins
 V - 7 sling bullets
 X - 21 poisoned needles
Armour
 b - a +0 leather armour
 c - a +0 cloak (melded)
 h - a +0 plate armour
 r - a +0 ring mail (melded)
 x - a scarf of repulsion
 Q - a +0 scale mail
 Z - a +0 chain mail
Jewellery
 f - an uncursed amulet of harm
 A - the ring "Ryneid" (left branch) {Str+2 Stlth+}
   (You found it on level 4 of the Dungeon)

   [ring of strength]

   It affects your strength (+2).
   It makes you more stealthy.
 O - an uncursed amulet of harm
 R - an uncursed ring of protection from magic {unknown}
Wands
 y - a wand of random effects (17)
 E - a wand of iceblast (7)
 U - a wand of acid (3)
Scrolls
 g - 3 scrolls of random uselessness
 i - 4 scrolls of magic mapping {unknown}
 j - 3 scrolls of blinking {unknown}
 n - 2 scrolls of immolation {unknown}
 o - 2 scrolls of enchant weapon {unknown}
 q - 7 scrolls of identify
 s - a scroll of fear {unknown}
 u - 2 scrolls of amnesia {unknown}
 w - 2 scrolls of enchant armour {unknown}
 L - 3 scrolls of fog {unknown}
 M - a scroll of holy word {unknown}
 P - 4 scrolls of remove curse {unknown}
 Y - a scroll of noise {unknown}
Potions
 t - 2 potions of agility
 B - 3 potions of might
 C - 2 potions of berserk rage
 D - a potion of mutation
Comestibles
 d - 12 rations


   Skills:
 + Level 6.3 Fighting
 + Level 4.3 Short Blades
 + Level 6.3 Long Blades
 + Level 4.3 Axes
 + Level 4.3 Maces & Flails
 + Level 4.3 Polearms
 + Level 4.3 Staves
 + Level 4.3 Slings
 + Level 4.3 Bows
 + Level 4.3 Crossbows
 + Level 4.3 Throwing
 + Level 5.1 Armour
 + Level 6.3 Dodging
 + Level 4.3 Stealth
 + Level 4.3 Shields
 + Level 4.3 Unarmed Combat
 + Level 6.7 Spellcasting
 + Level 3.5 Conjurations
 + Level 3.5 Hexes
 + Level 6.6 Charms
 + Level 3.5 Summonings
 + Level 3.5 Necromancy
 + Level 3.5 Translocations
 + Level 3.5 Transmutations
 + Level 3.5 Fire Magic
 + Level 3.5 Ice Magic
 + Level 3.5 Air Magic
 + Level 3.5 Earth Magic
 + Level 3.5 Poison Magic
 + Level 4.7 Invocations
 + Level 4.3 Evocations


You had 10 spell levels left.
You knew the following spells:

 Your Spells              Type           Power        Failure   Level  Hunger
a - Infusion              Chrm           ####         1%          1    None
b - Song of Slaying       Chrm           ####....     1%          2    None
c - Shroud of Golubria    Chrm/Tloc      ###.......   2%          2    None
d - Regeneration          Chrm/Necr      ###.......   4%          3    ##.....
e - Spectral Weapon       Hex/Chrm       ###.....     4%          3    ##.....

Your spell library contained the following spells:

 Spells                   Type           Power        Failure   Level  Hunger
 Animate Skeleton         Necr           N/A          2%          1    None
 Pain                     Necr           ###.         2%          1    None
 Vampiric Draining        Necr           ###.......   9%          3    ##.....
 Animate Dead             Necr           N/A          28%         4    ####...


Dungeon Overview and Level Annotations

Branches:
Dungeon (10/15)            Temple (1/1) D:4
   Lair: D:8-11         Orc: D:9-12

Altars:
Ashenzari
Cheibriados
Dithmenos
Elyvilon
Fedhas
Gozag
Kikubaaqudgha
Makhleb
Nemelex Xobeh
Qazlal
Ru
Sif Muna
Trog
Uskayaw
Vehumet
Wu Jian
Xom
Yredelemnul
The Shining One

Annotations:
D:3 2 transporters
D:9 Erolcha


Innate Abilities, Weirdness & Mutations

Your experience applies equally to all skills.
((You have extremely sharp teeth.))
Your uncanny sense of smell can sniff out nearby items.
((Your flesh is cold resistant. (rC+)))


Message History

Your roots penetrate the ground.
You feel sick. The killer bee stings you.
* * * LOW HITPOINT WARNING * * *
The killer bee closely misses the quokka.
The killer bee stings you but does no damage. x3
Unknown command.
Casting: Regeneration (safe; 4% risk of failure)
Confirm with . or Enter, or press ? or * to list all spells.
Okay, then.
Casting: Regeneration (safe; 4% risk of failure)
Confirm with . or Enter, or press ? or * to list all spells.
You draw out your weapon's spirit!
You feel sick.
The killer bee stings you but does no damage. x5
You hit the killer bee.
The killer bee is heavily wounded.
You feel sick. The killer bee stings you.
* * * LOW HITPOINT WARNING * * *
The killer bee stings you but does no damage.
Your spectral weapon completely misses the killer bee.
The killer bee stings you.
You die...

#......##
#.###...###
#.#≈≈...≈≈#
#.#≈..♣..≈####
#...).......>#
+...♣._.♣.....
#..........##
#.#≈.(♣..≈##
###≈≈y♣.≈≈#
###yyy###
#...y##
#######'##
.........#
.........#
.........#
.........#
.........+


You could see 5 killer bees and a friendly spectral +0 long sword.

Vanquished Creatures
  2 hippogriffs
  Sigmund (D:3)
  Menkaure (D:6)
  An ice beast (D:7)
  A sky beast (D:4)
  3 phantoms
  2 ogres
  A big kobold (D:6)
  2 bullfrogs
  2 scorpions
  A howler monkey (D:6)
  A crimson imp (D:5)
  A centaur zombie (D:5)
  3 hounds
  A human zombie (Ossuary)
  2 jellies
  2 orc priests
  A gnoll shaman (D:5)
  A centaur skeleton (D:7)
  2 iguanas
  8 orc wizards
  4 worker ants (D:4)
  A big kobold zombie (Ossuary)
  A hound skeleton (D:4)
  2 mummies (Ossuary)
  5 gnolls
  2 howler monkey skeletons (D:4)
  7 adders
  An adder skeleton (D:4)
  An adder zombie (D:1)
  3 worms (D:2)
  A dart slug (D:3)
  3 leopard geckos
  10 orcs
  A ball python (D:1)
  4 bats
  3 giant cockroaches
  2 gnoll zombies (Ossuary)
  4 goblins
  11 hobgoblins
  5 jackals
  8 quokkas
  2 frilled lizards
  6 goblin zombies (Ossuary)
  3 hobgoblin zombies (Ossuary)
  10 kobolds
  An orc zombie (Ossuary)
  A quokka zombie (D:1)
  8 rats
149 creatures vanquished.

Vanquished Creatures (others)
  2 plants
  A spectral weapon (D:7)
3 creatures vanquished.

Grand Total: 152 creatures vanquished

Notes
Turn   | Place    | Note
-------+----------+-------------------------------------------
     0 | D:1      | Leeroy the Gnoll Skald began the quest for the Orb.
     0 | D:1      | Reached XP level 1. HP: 20/20 MP: 6/6
   105 | D:1      | Reached XP level 2. HP: 16/26 MP: 7/7
   109 | D:1      | Learned a level 2 spell: Song of Slaying
   112 | D:1      | Learned a level 2 spell: Shroud of Golubria
   542 | D:1      | Reached XP level 3. HP: 15/31 MP: 9/9
   559 | D:1      | Reached skill level 5 in Spellcasting
   967 | D:1      | Learned a level 3 spell: Regeneration
   971 | D:1      | Learned a level 3 spell: Spectral Weapon
  1037 | D:2      | Reached skill level 1 in Invocations
  1137 | D:2      | Reached skill level 1 in Short Blades
  1137 | D:2      | Reached skill level 1 in Axes
  1137 | D:2      | Reached skill level 1 in Maces & Flails
  1137 | D:2      | Reached skill level 1 in Polearms
  1137 | D:2      | Reached skill level 1 in Staves
  1137 | D:2      | Reached skill level 1 in Slings
  1137 | D:2      | Reached skill level 1 in Bows
  1137 | D:2      | Reached skill level 1 in Crossbows
  1137 | D:2      | Reached skill level 1 in Throwing
  1137 | D:2      | Reached skill level 1 in Stealth
  1137 | D:2      | Reached skill level 1 in Shields
  1137 | D:2      | Reached skill level 1 in Unarmed Combat
  1137 | D:2      | Reached skill level 1 in Evocations
  1423 | D:2      | Reached XP level 4. HP: 18/38 MP: 11/11
  1935 | D:2      | Reached skill level 1 in Conjurations
  1935 | D:2      | Reached skill level 1 in Hexes
  1935 | D:2      | Reached skill level 1 in Summonings
  1935 | D:2      | Reached skill level 1 in Necromancy
  1935 | D:2      | Reached skill level 1 in Translocations
  1935 | D:2      | Reached skill level 1 in Transmutations
  1935 | D:2      | Reached skill level 1 in Fire Magic
  1935 | D:2      | Reached skill level 1 in Ice Magic
  1935 | D:2      | Reached skill level 1 in Air Magic
  1935 | D:2      | Reached skill level 1 in Earth Magic
  1935 | D:2      | Reached skill level 1 in Poison Magic
  2299 | D:3      | Found a transporter.
  2307 | D:3      | Noticed a hungry ghost
  2307 | D:3      | Noticed a centaur
  2309 | D:3      | Found a shadowy altar of Dithmenos.
  2309 | D:3      | Found a transporter.
  2392 | D:3      | Reached XP level 5. HP: 22/43 MP: 9/12
  2591 | D:3      | Noticed Sigmund
  2612 | D:3      | Killed Sigmund
  2612 | D:3      | Reached XP level 6. HP: 19/50 MP: 14/14
  2920 | D:4      | Reached skill level 5 in Fighting
  2920 | D:4      | Reached skill level 5 in Long Blades
  2920 | D:4      | Reached skill level 5 in Dodging
  2953 | D:4      | Found a glowing golden altar of the Shining One.
  2977 | D:4      | Found a hide-covered altar of Uskayaw.
  3266 | D:4      | Reached XP level 7. HP: 25/56 MP: 11/15
  3377 | D:4      | Found a staircase to the Ecumenical Temple.
  3385 | Temple   | Entered the Ecumenical Temple
  3951 | D:4      | HP: 1/56 [worker ant (6)]
  3956 | D:4      | HP: 4/84 [poisoned by a worker ant]
  4211 | D:4      | Got a shimmering granite ring
  4296 | D:4      | Identified the ring "Ryneid" {Str+2 Stlth+} (You found it
                  | on level 4 of the Dungeon)
  4300 | D:4      | Upgraded the game from 0.23-a0-558-g30802b1 to
                  | 0.23-a0-565-g3e74e4c
  4344 | D:5      | Entered Level 5 of the Dungeon
  4548 | D:5      | Reached XP level 8. HP: 51/63 MP: 16/16
  5415 | D:6      | Found an ornate altar of the Wu Jian Council.
  5425 | D:6      | Became a worshipper of the Wu Jian Council
  6219 | D:6      | You fall through a shaft!
  6220 | D:7      | Noticed a hippogriff
  6237 | D:7      | Killed a hippogriff
  6257 | D:7      | Reached XP level 9. HP: 34/69 MP: 12/18
  6495 | D:7      | Found a sand-covered staircase.
  6504 | Ossuary  | Entered an ossuary
  6553 | Ossuary  | Reached * piety under Wu Jian
  6971 | D:6      | Found a burning altar of Makhleb.
  6972 | D:6      | Found an opulent altar of Gozag.
  7249 | D:6      | Noticed Menkaure
  7256 | D:6      | Killed Menkaure
  7937 | D:8      | Reached skill level 5 in Armour
  8017 | D:8      | You fall through a shaft for 2 floors!
  8017 | D:10     | Entered Level 10 of the Dungeon
  8098 | D:9      | Noticed Erolcha
  8166 | D:9      | Found a white marble altar of Elyvilon.
  8193 | D:9      | Gained mutation: You have extremely sharp teeth. [potion of
                  | mutation]
  8193 | D:9      | Gained mutation: Your flesh is cold resistant. (rC+)
                  | [potion of mutation]
  8197 | D:9      | HP: 3/105 [killer bee (6)]
  8197 | D:9      | Slain by a killer bee

Vault maps used:
D:1:      saegor_arrival_fortress, minmay_misc_feat_nine_boxes,
          lemuel_another_geyser
D:2:      wad_woods_tower, first_ration
D:3:      gammafunk_temple_overflow_arena, uniq_sigmund
D:4:      minmay_octagon_keep, eat_drink_and_be_merry_uskayaw,
          nicolae_overflow_crystal_walls, minmay_temple_entry_nine_rooms,
          dk_rats_in_the_wall
D:6:      gammafunk_temple_overflow_pools, lemuel_crystal_altar,
          lexackson_kobold_supper, uniq_menkaure
D:7:      lightli_ossuary_entry_decrepit_ruins
D:8:      wad_guarded_room, zin_scriptorium
D:9:      elyvilon_altar_4, marbit_many_paths, lemuel_doored_altar,
          hangedman_pestilent_swarm, uniq_erolcha
Temple:   minmay_temple_bridge_abc
Ossuary:  minmay_ossuary_gauntlet

Skill      XL: |  1  2  3  4  5  6  7  8  9 |
---------------+----------------------------+-----
Spellcasting   | 5 6 |  6.7
Invocations    | 1 2 3 4 |  4.7
Short Blades   | 1 2 3 4 |  4.3
Axes           | 1 2 3 4 |  4.3
Maces & Flails | 1 2 3 4 |  4.3
Polearms       | 1 2 3 4 |  4.3
Staves         | 1 2 3 4 |  4.3
Slings         | 1 2 3 4 |  4.3
Bows           | 1 2 3 4 |  4.3
Crossbows      | 1 2 3 4 |  4.3
Throwing       | 1 2 3 4 |  4.3
Stealth        | 1 2 3 4 |  4.3
Shields        | 1 2 3 4 |  4.3
Unarmed Combat | 1 2 3 4 |  4.3
Evocations     | 1 2 3 4 |  4.3
Conjurations   | 1 2 3 |  3.5
Hexes          | 1 2 3 |  3.5
Summonings     | 1 2 3 |  3.5
Necromancy     | 1 2 3 |  3.5
Translocations | 1 2 3 |  3.5
Transmutations | 1 2 3 |  3.5
Fire Magic     | 1 2 3 |  3.5
Ice Magic      | 1 2 3 |  3.5
Air Magic      | 1 2 3 |  3.5
Earth Magic    | 1 2 3 |  3.5
Poison Magic   | 1 2 3 |  3.5
Armour         | 3 4 5 |  5.1
Fighting       | 5 6 |  6.3
Long Blades    | 5 6 |  6.3
Dodging        | 5 6 |  6.3
Charms         | 6 |  6.6

Action                   |  1- 3 |  4- 6 |  7- 9 || total
-------------------------+-------+-------+-------++-------
Melee: Falchion          |   122 |   110 |   122 ||   354
       Bite              |    12 |    17 |    81 ||   110
       Short sword       |       |     8 |    12 ||    20
       Long sword        |       |    14 |   308 ||   322
       Arbalest          |       |     4 |       ||     4
       Punch             |       |     1 |     8 ||     9
 Fire: Arbalest          |       |     5 |     7 ||    12
Throw: Stone             |       |     1 |    36 ||    37
 Cast: Shroud of Golubri |     1 |       |     5 ||     6
       Regeneration      |     2 |     4 |    21 ||    27
       Spectral Weapon   |     1 |     1 |    17 ||    19
       Infusion          |       |       |     1 ||     1
       Song of Slaying   |       |       |     1 ||     1
Invok: Lunge             |       |       |    10 ||    10
       Whirlwind         |       |       |    73 ||    73
  Use: Potion            |     1 |     2 |     7 ||    10
       Scroll            |       |       |     5 ||     5
 Stab: Sleeping          |       |     3 |     7 ||    10
       Distracted        |       |       |     1 ||     1
  Eat: Ration            |     1 |       |     2 ||     3
       Chunk             |       |     5 |    13 ||    18
Armor: Leather armour    |    38 |     6 |       ||    44
       Ring mail         |       |    28 |   190 ||   218
       Skin              |       |       |     9 ||     9
Dodge: Dodged            |   110 |    93 |   374 ||   577
       Rpst.: Falchion   |    23 |    26 |    43 ||    92
       Long sword        |       |     2 |    58 ||    60

Table legend:
 A = Non-vault XP
 B = Vault XP
 C = Vault XP percentage of total XP
 D = Non-vault monster count
 E = Vault monster count
 F = Vault count percentage of total count
                 A         B        C        D         E       F
            +---------+---------+-------+---------+---------+-------
      Total |    2860 |     820 |  22.3 |     107 |      42 |  28.2
            +---------+---------+-------+---------+---------+-------
        D:1 |      34 |       6 |  15.0 |      22 |       2 |   8.3
        D:2 |      73 |      36 |  33.0 |      16 |       6 |  27.3
        D:3 |      56 |     212 |  79.1 |       9 |       1 |  10.0
        D:4 |     520 |     175 |  25.2 |      12 |       8 |  40.0
        D:5 |     703 |       0 |   0.0 |      18 |       0 |   0.0
        D:6 |     177 |     272 |  60.6 |      12 |       9 |  42.9
        D:7 |     632 |       0 |   0.0 |      11 |       0 |   0.0
        D:8 |     495 |       0 |   0.0 |       4 |       0 |   0.0
        D:9 |     127 |       0 |   0.0 |       1 |       0 |   0.0
       D:10 |      43 |       0 |   0.0 |       2 |       0 |   0.0
    Ossuary |       0 |     119 | 100.0 |       0 |      16 | 100.0
            +---------+---------+-------+---------+---------+-------
